 Dungeon Crawl Stone Soup version 0.28-a0-94-g325244837d (webtiles) character file.

Game seed: 13308277656990230458

137 Leeroy the Insei (level 5, -4/37 HPs)
             Began as a Merfolk Transmuter on Aug 7, 2021.
             Slain by a wyvern zombie (9 damage)
             ... on level 3 of the Dungeon.
             The game lasted 00:03:26 (2737 turns).

Leeroy the Insei (Merfolk Transmuter)               Turns: 2737, Time: 00:03:26

Health: -4/37      AC:  2    Str: 10    XL:     5   Next: 20%
Magic:  14/17      EV: 12    Int: 14    God:
Gold:   87         SH:  0    Dex: 14    Spells: 2/8 levels left

rFire   . . .      SeeInvis .     - Unarmed
rCold   . . .      Faith    .   (no shield)
rNeg    . . .      Spirit   .   a - +0 robe
rPois   .          Reflect  .   (helmet currently unavailable)
rElec   .          Harm     .   (no cloak)
rCorr   .          Rampage  .   (no gloves)
Will    .....                   (boots currently unavailable)
Stlth   +.........              (no amulet)
HPRegen 0.12/turn               i - ring of magical power
MPRegen 0.15/turn               (no ring)

@: appendages (expiring), wereblooded
A: horns 2, (nimble swimmer 2), mertail
a: End Transformation


You were on level 3 of the Dungeon.
You had temporarily grown beastly horns.
You visited 1 branch of the dungeon, and saw 3 of its levels.

You collected 87 gold pieces.

Inventory:

Hand Weapons
 h - a +1 vampiric whip
Armour
 a - a +0 robe (worn)
 f - a +0 buckler
Jewellery
 i - a ring of magical power (left hand)
Scrolls
 c - 2 scrolls of enchant armour
 e - a scroll of identify
 j - a scroll of teleportation
Potions
 b - 2 potions of mutation
 d - a potion of curing {unknown}
 g - 3 potions of haste


   Skills:
 - Level 1.1 Fighting
 - Level 2.6 Dodging
 - Level 5.1 Unarmed Combat
 - Level 2.0 Spellcasting
 + Level 5.1 Transmutations


You had 2 spell levels left.
You knew the following spells:

 Your Spells              Type           Power      Damage    Failure   Level
a - Beastly Appendage     Tmut           30%        N/A       3%          1
b - Wereblood             Tmut           15%        N/A       4%          2
c - Spider Form           Tmut/Pois      4%         N/A       26%         3

Your spell library contained the following spells:

 Spells                   Type           Power      Damage    Failure   Level
 Ice Form                 Ice/Tmut       8%         N/A       63%         4


Dungeon Overview and Level Annotations

Branches:
Dungeon (3/15)

Altars:
Ashenzari

Shops:
D:3 :


Innate Abilities, Weirdness & Mutations

You have temporarily grown beastly horns.
((You are quick and stealthy near water. (Stealth+, EV+, Speed+++)))
Your lower body shifts to a powerful aquatic tail in water.


Message History

You are no longer poisoned.
A wyvern zombie is nearby!
A wyvern zombie is nearby!
You are too injured to fight recklessly!
You are too injured to fight recklessly!
You are too injured to fight recklessly!
You are too injured to fight recklessly!
Casting: Spider Form (quite dangerous; 26% risk of failure)
Confirm with . or Enter, or press ? or * to list all spells.
Your blood is infused with primal strength.
You see here a +0 dagger.
Casting: Wereblood (safe; 4% risk of failure)
Confirm with . or Enter, or press ? or * to list all spells.
You grow a pair of large bovine horns.
You hit the wyvern zombie but do no damage.
The wyvern zombie completely misses you.
The wyvern zombie barely misses you.
You barely miss the wyvern zombie. The wyvern zombie misses you.
You hit the wyvern zombie.
The wyvern zombie is lightly damaged.
The wyvern zombie bites you.
* * * LOW HITPOINT WARNING * * *
You hit the wyvern zombie. You headbutt the wyvern zombie!
The wyvern zombie is heavily damaged.
The wyvern zombie bites you.
* * * LOW HITPOINT WARNING * * *
You hit the wyvern zombie but do no damage.
The wyvern zombie is heavily damaged.
The wyvern zombie bites you.
* * * LOW HITPOINT WARNING * * *
You hit the wyvern zombie.
You headbutt the wyvern zombie, but do no damage.
The wyvern zombie is heavily damaged.
The wyvern zombie bites you.
* * * LOW HITPOINT WARNING * * *
You hit the wyvern zombie. You headbutt the wyvern zombie.
The wyvern zombie is severely damaged.
Your transformation is almost over.
The wyvern zombie bites you!
You die...

. #... .#.# ##..
# .#.# ##.. #.
####...# #. ##...
.. ..#..# ...
#....
#.##..!.#...
......
#...<.......
....##
.#.#†#)#.###...
.#...Z
........@.......
[..###
..#.#.#.#Z#.....
....#.
...............
.....
..#.#.#.#.#.....
..###
.................
. ## ##.#.#.#.#.#
.... ....# #...
..... ... .....
.# #. .# ..#
.#... # #.


You could see a wyvern zombie.

Vanquished Creatures
  A scorpion (D:2)
  4 adders
  2 ball pythons (D:2)
  4 endoplasms
  5 giant cockroaches (D:1)
  2 goblins (D:3)
  3 hobgoblins
  A quokka (D:1)
  8 bats (D:1)
  6 frilled lizards
  5 kobolds
  5 rats
46 creatures vanquished.

Notes
Turn   | Place    | Note
-------+----------+-------------------------------------------
     0 | D:1      | Leeroy the Merfolk Transmuter began the quest for the Orb.
     0 | D:1      | Reached XP level 1. HP: 15/15 MP: 3/3
   410 | D:1      | Reached XP level 2. HP: 20/21 MP: 5/5
   856 | D:1      | Reached XP level 3. HP: 13/26 MP: 6/6
  1261 | D:1      | Found a faded altar of an unknown god.
  1672 | D:2      | Found a broken altar of Ashenzari.
  1739 | D:2      | Reached skill level 5 in Unarmed Combat
  2287 | D:2      | Noticed a scorpion
  2296 | D:3      | Learned a level 2 spell: Wereblood
  2300 | D:3      | Learned a level 3 spell: Spider Form
  2304 | D:3      | Found Arod's Book Shop.
  2352 | D:2      | Killed a scorpion
  2353 | D:2      | Reached XP level 4. HP: 27/32 MP: 7/7
  2439 | D:2      | Reached XP level 5. HP: 32/37 MP: 8/8
  2721 | D:3      | Reached skill level 5 in Transmutations
  2737 | D:3      | Slain by a wyvern zombie

Illustrated notes

Levels and vault maps discovered:
D:1:      denvon_arrival_planthouse, layout_basic,
          dilly_ecumenical_altar_fadedgnrine, grunt_decor_cap
D:2:      layout_loops_cross, basic_altar
D:3:      layout_rooms, lemuel_crystal_altar, mainiacjoe_overflow_cross_hatched,
          serial_shops, shop, shop, nicolae_square_shop, shop,
          gammafunk_ghost_smash, st_stairs_9, roderic_batcave, uniq_ijyb,
          uniq_sigmund

Skill      XL: |  1  2  3  4  5 |
---------------+----------------+-----
Unarmed Combat | 4 5 |  5.1
Transmutations | 4 5 |  5.1
Fighting       | |  1.1
Dodging        | |  2.6
Spellcasting   | |  2.0

Action                   |  1- 3 |  4- 6 || total
-------------------------+-------+-------++-------
Melee: Unarmed           |   130 |    25 ||   155
       Headbutt          |     1 |     3 ||     4
 Cast: Spider Form       |     1 |     1 ||     2
       Beastly Appendage |     1 |     1 ||     2
       Wereblood         |       |     1 ||     1
  Use: Scroll            |     4 |       ||     4
 Stab: Sleeping          |     3 |     2 ||     5
Armor: Robe              |    24 |       ||    24
Dodge: Dodged            |    89 |    13 ||   102

Table legend: (Time is in decaauts)
 A = Elapsed time spent in this place.
 B = Non-inter-level travel time spent in this place.
 C = Inter-level travel time spent in this place.
 D = Time resting spent in this place.
 E = Time spent auto-exploring this place.
 F = Levels seen in this place.
 G = Mean time per level.
                   A        B        C        D        E       F      G
               +--------+--------+--------+--------+--------+-----+--------+
         Total |   2724 |   2637 |     87 |    332 |   1978 |   3 |  908.0 |
       Dungeon |   2724 |   2637 |     87 |    332 |   1978 |   3 |  908.0 |
               +--------+--------+--------+--------+--------+-----+--------+

Top non-repeatable levels by time:
     D:1: 1346 daAuts
     D:2: 1315 daAuts
     D:3: 61 daAuts
